AoeStats
← alejandroalabauserrano

Arabian Desert

508577412Analyzed
1v1 RM · 11d ago on Sep 23, 2026· 49m 20s· 2 players
Game mode
Random Map
Map size
Tiny (2 player)
Population
200
Speed
Normal
Resources
Standard
Victory
Conquest
Starting age
Dark Age
Ending age
Imperial Age
RankedLock teamsTeams togetherTeam positionsShared explorationLock speedFull tech treeHidden civsTurbo modeCheats
Victory
Defeat
448
+11
🇨🇱 Mongols · Chile
342
-11
Elvistec2676
9:05 Loom
10:52 Feudal Age
11:57 Double-Bit Axe
11:54 Horse Collar
21:52 Castle Age
21:03 Forging
21:00 Gold Mining
21:57 Bloodlines
37:29 Bloodlines
36:44 Elite Skirmisher
37:32 Scale Barding Armor
39:31 Wheelbarrow
44:26 Imperial Age
42:08 Fletching
42:44 Chain Barding Armor
42:03 Elite Skirmisher
alejandroalabauserrano
1:30 Loom
11:52 Feudal Age
12:19 Double-Bit Axe
12:17 Horse Collar
13:20 Wheelbarrow
13:26 Town Watch
15:42 Fletching
16:06 Forging
16:28 Forging
17:18 Padded Archer Armor
21:50 Castle Age
23:02 Heavy Plow
23:16 Bow Saw
22:33 Crossbowman
22:37 Man-at-Arms
25:04 Hand Cart
25:09 Bodkin Arrow
26:29 Leather Archer Armor
27:11 Town Patrol
27:14 Man-at-Arms
28:26 Squires
28:58 Long Swordsman
30:16 Iron Casting
29:44 Scale Mail Armor
35:26 Pikeman
35:54 Arson
39:16 Scale Barding Armor
42:37 Chain Barding Armor
48:36 Imperial Age
50:29 Ring Archer Armor
Connection lost

Rejoining the realm…

Still unreachable

The connection could not be restored.

Session expired

The server has moved on; the page needs a fresh start.